 Dungeon Crawl Stone Soup version 0.24.0-7-gb3623d2c88 (webtiles) character file.

Game seed: 14278888618003177611, levelgen mode: deterministic

359 McKennaii the Shooter (level 6, -16/49 HPs)
             Began as a Centaur Arcane Marksman on Nov 2, 2019.
             Demolished by an orc warrior
             ... wielding a +0 war axe
              (25 damage)
             ... on level 4 of the Dungeon.
             The game lasted 00:13:01 (4810 turns).

McKennaii the Shooter (Centaur Arcane Marksman)     Turns: 4810, Time: 00:13:02

Health: -16/49     AC:  5    Str: 13    XL:     6   Next: 37%
Magic:  7/7        EV: 10    Int: 12    God:
Gold:   187        SH:  0    Dex: 11    Spells: 6/7 levels left

rFire    . . .     SeeInvis .   a - +0 shortbow
rCold    . . .     Gourm    .   (shield currently unavailable)
rNeg     . . .     Faith    .   e - +0 robe
rPois    .         Spirit   .   k - +0 helmet
rElec    .         Reflect  .   (no cloak)
rCorr    .         Harm     .   (no gloves)
MR       .....                  (no barding)
Stlth    +.........             (no amulet)
HPRegen  0.16/turn              (no ring)
MPRegen  0.10/turn              (no ring)

@: very quick
A: large, hooves 3, deformed body, speed 2, tough skin 3
a: no special abilities


You were on level 4 of the Dungeon.
You were not hungry.

You visited 1 branch of the dungeon, and saw 4 of its levels.
You also visited: Sewer.

You collected 187 gold pieces.

Inventory:

Hand Weapons
 a - a +0 shortbow (weapon)
 b - a +0 whip
Missiles
 d - 9 arrows (quivered)
Armour
 e - a +0 robe (worn)
 k - a +0 helmet (worn)
Scrolls
 c - 5 scrolls of identify {unknown}
 g - a scroll of enchant weapon {unknown}
 h - 2 scrolls of teleportation {unknown}
 i - a scroll of immolation {unknown}
 j - 3 scrolls of remove curse {unknown}
 l - 3 scrolls of magic mapping {unknown}
 r - a scroll of noise {unknown}
Potions
 m - a potion of ambrosia {unknown}
 n - 2 potions of mutation {unknown}
 o - 3 potions of heal wounds {unknown}
 p - 2 potions of flight {unknown}
 q - a potion of curing {unknown}
Comestibles
 f - 5 rations
 s - 4 chunks of flesh


   Skills:
 + Level 2.3 Fighting
 + Level 1.4 Maces & Flails
 * Level 7.4 Bows
 + Level 2.0 Dodging
 + Level 1.0 Spellcasting
 + Level 2.9 Hexes


You had 6 spell levels left.
You knew the following spells:

 Your Spells              Type           Power        Failure   Level  Hunger
a - Corona                Hex            #......      9%          1    ##.....

Your spell library contained the following spells:

 Spells                   Type           Power        Failure   Level  Hunger
 Slow                     Hex            #.......     14%         2    ###....
 Inner Flame              Hex/Fire       #.......     45%         3    ####...
 Portal Projectile        Hex/Tloc       #.....       45%         3    ####...
 Cause Fear               Hex            #.........   65%         4    #####..
 Leda's Liquefaction      Hex/Erth       #.........   86%         4    #####..


Dungeon Overview and Level Annotations

Branches:
Dungeon (4/15)              Sewer (visited)
 Temple: D:4-7

Altars:
Gozag
Kikubaaqudgha
Uskayaw
Vehumet


Innate Abilities, Weirdness & Mutations

You have hooves in place of feet.
Armour fits poorly on your strangely shaped body.
You cover ground very quickly.
You have extremely tough skin. (AC +3)


Message History

Press: ? - help, Shift-Dir - straight line, f/p - orc warrior
Aim: an orc warrior, wielding a +0 war axe and wearing a +0 chain mail (severely wounded)
You shoot an arrow.
The arrow hits the orc warrior but does no damage.
The orc warrior is severely wounded.
Firing (i - inventory)
d - 11 arrows (quivered)
Press: ? - help, Shift-Dir - straight line, f/p - orc warrior
Aim: an orc warrior, wielding a +0 war axe and wearing a +0 chain mail (severely wounded)
You shoot an arrow.
The arrow hits the orc warrior but does no damage.
The orc warrior is severely wounded.
The orc warrior closely misses you.
Firing (i - inventory)
d - 10 arrows (quivered)
Press: ? - help, Shift-Dir - straight line, f/p - orc warrior
Aim: an orc warrior, wielding a +0 war axe and wearing a +0 chain mail (severely wounded)
You shoot an arrow. The arrow hits the orc warrior.
The orc warrior is almost dead.
The orc warrior hits you with a +0 war axe!!
Ouch! That really hurt!
You die...

........)........#####
...<##.#.######.#...
....##.#.# #o#.#
#..##.#.# #...#
#..#..#.# ##..#
#..#..#.# #..# #
#.....#.# ##.#.#
#..#.##.########(..###.
#..#....#@o.(...(.......
#.o######.######...###.#
#..# ..... #...# #..#
####.# #...# #..# #.#
#.#.# #..#.#####.##
#.#.#
#..#.#......##.#.#..
#..#.#......##.#.# .#
#..#.#......##.#.#


You could see an orc warrior.

Vanquished Creatures
  A big kobold (Sewer)
  A crimson imp (D:3)
  2 orc wizards (D:4)
  A worker ant (D:4)
  3 river rats
  5 adders
  An ooze (D:1)
  2 worms (D:2)
  3 dart slugs
  2 leopard geckos
  6 orcs
  3 ball pythons (D:3)
  5 bats
  3 giant cockroaches
  12 hobgoblins
  9 jackals
  3 frilled lizards
  7 goblins
  6 kobolds
  14 rats
89 creatures vanquished.

Notes
Turn   | Place    | Note
-------+----------+-------------------------------------------
     0 | D:1      | McKennaii the Centaur Arcane Marksman began the quest for
                  | the Orb.
     0 | D:1      | Reached XP level 1. HP: 16/16 MP: 2/2
    72 | D:1      | Reached skill level 3 in Bows
   397 | D:1      | Reached XP level 2. HP: 3/23 MP: 3/3
   402 | D:1      | HP: 1/23 [hobgoblin (1)]
  1376 | D:1      | Reached XP level 3. HP: 19/28 MP: 4/4
  1734 | D:1      | Reached skill level 1 in Maces & Flails
  1856 | D:2      | Found a hide-covered altar of Uskayaw.
  2083 | D:2      | Found a radiant altar of Vehumet.
  2190 | D:2      | Reached skill level 4 in Bows
  2190 | D:2      | Reached XP level 4. HP: 34/36 MP: 5/5
  2719 | D:3      | Reached skill level 5 in Bows
  2724 | D:3      | Reached XP level 5. HP: 39/41 MP: 6/6
  3023 | D:3      | Found a glowing drain.
  3099 | Sewer    | Entered a sewer
  3291 | Sewer    | Reached skill level 6 in Bows
  3332 | Sewer    | Found a white marble altar of Elyvilon.
  3452 | D:3      | Found an opulent altar of Gozag.
  3689 | D:3      | Reached XP level 6. HP: 34/48 MP: 7/7
  3849 | D:3      | Found an ancient bone altar of Kikubaaqudgha.
  3996 | D:4      | Reached skill level 7 in Bows
  4588 | D:4      | Noticed an orc warrior
  4676 | D:4      | HP: 2/49 [orc warrior/+0 war axe (1)]
  4810 | D:4      | Demolished by an orc warrior

Levels and vault maps discovered:
D:1:      minmay_arrival_widening_spiral_wide, layout_basic, minmay_cut_off
D:2:      layout_basic, overflow_temple_1_default, lemuel_coloured_pillars_altar
D:3:      layout_basic, marbit_many_paths,
          nicolae_gozag_cash_rules_everything_around_me, portal_sewer_entry_b
D:4:      layout_basic, kennysheep_mini_moat

Skill      XL: |  1  2  3  4  5  6 |
---------------+-------------------+-----
Bows           | 3 4 5 6 7 |  7.4
Maces & Flails | 1 |  1.4
Fighting       | 2 |  2.3
Dodging        | 2 |  2.0
Spellcasting   | |  1.0
Hexes          | |  2.9

Action                   |  1- 3 |  4- 6 || total
-------------------------+-------+-------++-------
Melee: Whip              |   116 |    61 ||   177
       Kick              |    19 |    13 ||    32
       Unarmed           |     2 |       ||     2
 Fire: Shortbow          |    59 |   147 ||   206
  Eat: Chunk             |     2 |     5 ||     7
       Ration            |       |     1 ||     1
Armor: Robe              |    76 |    20 ||    96
Dodge: Dodged            |    98 |    50 ||   148
